Map: Blackpink LE

Players

Elazer

  • Race: Zerg Zerg
  • League: Master
  • Spawn Location: 7:00

Solar - Winner!

  • Race: Zerg Zerg
  • Spawn Location: 1:00

Event: HomeStory Cup XVI

VOD

Have the link to the VOD?

Description

Time

  • Played on: Nov. 12, 2017, 7:44 a.m.
  • Length: 9:35

All games in this series

Show
View Real Time Build Order
Export as new Build Order

Elazer Zerg 

Build Orders: Hatch First 

Get SALT Encoding   

  12  0:00  Drone  
  13  0:12  Overlord  
  13  0:16  Drone  
  14  0:30  Drone x2  
  14  0:34  Drone  
  17  0:51  Hatchery  
  17  0:54  Drone  
  17  0:58  Drone  
  17  1:03  Extractor  
  17  1:12  Spawning Pool  
  17  1:16  Drone  
  17  1:19  Drone  
  18  1:28  Drone  
  19  1:38  Overlord  
  19  1:49  Drone  
  20  1:58  Queen  
  20  2:00  Zergling x2  
  23  2:02  Queen  
  23  2:03  Zergling x2  
  23  2:05  Metabolic Boost  
  26  2:10  Drone  
  26  2:14  Drone  
  28  2:22  Drone  
  29  2:25  Drone  
  30  2:33  Drone  
  30  2:35  Zergling x2  
  32  2:42  Hatchery  
  31  2:48  Baneling Nest  
  30  2:54  Overlord  
  30  2:56  Drone x2  
  32  2:59  Drone  
  32  3:05  Drone  
  34  3:08  Drone  
  34  3:10  Zergling x2  
  36  3:13  Queen  
  36  3:16  Drone  
  36  3:17  Drone  
  40  3:20  Drone  
  41  3:28  Drone  
  41  3:31  Zergling x2  
  41  3:33  Baneling x2  
  43  3:35  Baneling  
  43  3:36  Zergling x2  
  44  3:53  Queen  
  44  3:54  Overlord  
  46  4:00  Overlord  
  46  4:01  Drone  
  46  4:02  Drone  
  47  4:03  Drone x3  
  47  4:05  Overlord  
  50  4:12  Zergling x6  
  52  4:17  Extractor  
  52  4:18  Overlord  
  52  4:21  Roach Warren  
  52  4:24  Drone  
  51  4:29  Drone  
  50  4:32  Overlord  
  50  4:37  Drone  
  50  4:38  Drone x5  
  56  4:44  Overlord  
  56  4:50  Overlord  
  56  4:51  Drone  
  57  4:56  Extractor, Drone x2  
  57  4:57  Evolution Chamber  
  57  4:59  Overlord  
  57  5:01  Drone  
  57  5:02  Drone x2  
  57  5:04  Lair  
  60  5:10  Drone  
  60  5:11  Drone  
  60  5:17  Roach  
  60  5:18  Roach x3  
  67  5:23  Zerg Missile Weapons Level 1  
  67  5:24  Drone x3  
  67  5:27  Roach  
  72  5:33  Roach  
  72  5:34  Roach x2  
  78  5:40  Overlord  
  80  5:43  Roach x3  
  84  5:50  Roach  
  84  5:51  Roach x3  
  84  5:54  Roach x2  
  84  5:57  Extractor, Overlord  
  95  5:59  Drone  
  95  6:01  Glial Reconstitution  
  95  6:03  Unknown, Drone  
  97  6:04  Drone  
  97  6:05  Drone  
  97  6:07  Drone  
  97  6:08  Drone  
  100  6:14  Overlord  
  100  6:16  Drone x3  
  100  6:18  Drone  
  104  6:22  Extractor, Drone  
  104  6:23  Drone, Overseer  
  105  6:28  Baneling x4  
  105  6:31  Pneumatized Carapace  
  105  6:33  Drone x3  
  105  6:34  Overlord  
  108  6:40  Overlord  
  108  6:45  Roach x4  
  115  6:51  Roach  
  115  6:52  Roach x3  
  111  7:02  Roach  
  111  7:05  Roach x2  
  111  7:06  Zergling x2  
  111  7:07  Zergling x14  
  121  7:09  Roach  
  121  7:15  Roach x3  
  111  7:23  Roach x3  
  113  7:33  Roach x5  
  119  7:38  Queen  
  119  7:40  Overlord  
  119  7:41  Roach x5  
  129  7:46  Roach x2  
  133  7:56  Unknown  
  133  7:59  Roach x5  
  133  8:00  Ravager  
  144  8:08  Roach x5, Hatchery  
  153  8:16  Roach x4  
  161  8:21  Overlord  
  161  8:32  Overseer  
  151  8:41  Overlord  
  151  8:42  Drone x6  
  151  8:44  Drone x2  
  156  8:50  Roach  
  153  9:00  Roach  
  153  9:01  Roach x8  
  133  9:12  Roach x3  
Show
View Real Time Build Order
Export as new Build Order

Solar Zerg - Winner!

Build Orders: Hatch First 

Get SALT Encoding   

  12  0:00  Drone  
  13  0:12  Overlord  
  13  0:16  Drone  
  14  0:30  Drone x2  
  14  0:34  Drone  
  17  0:51  Hatchery  
  17  0:54  Drone  
  17  0:58  Drone  
  17  1:03  Extractor  
  17  1:12  Spawning Pool  
  17  1:15  Drone  
  17  1:19  Drone  
  18  1:28  Drone  
  19  1:39  Overlord  
  19  2:00  Queen  
  19  2:01  Zergling x4  
  23  2:02  Metabolic Boost  
  23  2:03  Queen  
  23  2:06  Zergling x2  
  26  2:11  Drone  
  26  2:14  Drone  
  28  2:22  Drone  
  29  2:24  Drone  
  30  2:36  Hatchery  
  29  2:38  Drone  
  29  2:41  Drone  
  31  2:47  Drone x2  
  33  2:54  Overlord  
  33  2:58  Drone  
  34  3:04  Drone  
  35  3:12  Zergling x6  
  38  3:13  Zergling x6  
  38  3:16  Drone  
  38  3:19  Roach Warren  
  41  3:23  Overlord  
  41  3:25  Drone  
  42  3:28  Drone  
  42  3:35  Drone  
  42  3:38  Overlord  
  43  3:42  Drone  
  43  3:47  Drone  
  45  3:49  Queen  
  45  3:50  Drone  
  45  3:53  Drone  
  49  4:00  Roach  
  49  4:01  Roach x3  
  49  4:02  Roach  
  53  4:15  Extractor  
  53  4:16  Zergling x2  
  51  4:17  Lair, Drone x2  
  51  4:18  Drone x2  
  51  4:22  Drone  
  51  4:23  Evolution Chamber  
  56  4:24  Drone  
  56  4:25  Drone  
  57  4:32  Drone x2  
  57  4:36  Overlord  
  57  4:38  Queen  
  59  4:42  Zergling x2  
  59  4:44  Extractor  
  59  4:45  Zergling x2  
  59  4:46  Zergling x2  
  59  4:54  Drone x3  
  59  4:55  Drone x2  
  59  4:57  Drone  
  59  4:58  Drone  
  66  5:01  Drone  
  66  5:05  Overlord  
  67  5:08  Drone x2  
  67  5:09  Drone  
  67  5:12  Drone  
  70  5:15  Overlord  
  70  5:17  Queen  
  70  5:23  Zerg Missile Weapons Level 1, Drone  
  70  5:25  Drone  
  70  5:26  Extractor  
  71  5:29  Glial Reconstitution  
  71  5:30  Drone  
  71  5:31  Roach  
  71  5:33  Roach  
  71  5:34  Overlord  
  75  5:37  Roach  
  75  5:39  Roach  
  75  5:42  Roach x2  
  83  5:44  Overseer  
  83  5:46  Roach  
  83  5:47  Roach  
  83  5:49  Roach  
  89  5:52  Overlord  
  89  5:55  Roach  
  89  5:56  Roach  
  93  6:00  Roach  
  93  6:01  Roach  
  93  6:02  Overlord  
  97  6:06  Overlord  
  97  6:09  Drone  
  97  6:10  Drone  
  98  6:11  Drone x2  
  98  6:12  Drone  
  98  6:14  Roach  
  98  6:16  Roach  
  98  6:18  Overlord  
  105  6:22  Drone  
  106  6:26  Drone x3  
  106  6:32  Drone x3  
  112  6:33  Extractor  
  112  6:35  Burrow  
  112  6:36  Overlord  
  112  6:38  Unknown  
  111  6:46  Roach x5  
  120  6:51  Tunneling Claws, Overlord  
  120  6:53  Roach  
  121  6:54  Overlord  
  121  6:55  Roach  
  121  6:56  Roach  
  121  6:57  Roach  
  121  7:02  Roach x2  
  121  7:04  Roach  
  121  7:07  Roach  
  129  7:10  Drone x3  
  131  7:15  Drone x3  
  131  7:16  Drone  
  131  7:21  Roach x2  
  128  7:23  Roach x3  
  128  7:26  Roach  
  128  7:30  Roach  
  128  7:33  Roach  
  128  7:36  Roach  
  126  7:44  Roach  
  126  7:45  Roach x3  
  126  7:48  Roach x2  
  126  7:50  Overlord  
  138  7:52  Roach  
  138  7:53  Roach  
  138  7:54  Roach  
  138  7:58  Roach, Hatchery  
  145  8:08  Roach x3  
  145  8:09  Ravager x3  
  145  8:10  Roach  
  145  8:11  Roach x3  
  145  8:12  Roach x2, Overlord  
  154  8:13  Roach, Overlord x2  
  154  8:18  Roach  
  154  8:19  Roach x2  
  160  8:20  Roach  
  160  8:21  Overlord  
  160  8:24  Roach x2  
  160  8:26  Roach, Overlord  
  162  8:30  Roach x4  
  162  8:32  Roach x3  
  162  8:33  Roach  
  170  8:35  Roach  
  170  8:39  Roach x5  
  170  8:40  Roach  
  174  8:42  Ravager  
  174  8:44  Ravager  
  174  8:47  Roach  
  174  8:48  Roach x3  
  180  8:51  Queen  
  180  8:52  Roach  
  180  8:53  Roach x4  
  180  8:55  Roach  
  186  8:56  Roach  
  186  8:57  Roach x4  
  186  8:58  Roach  
  186  9:00  Roach  
  190  9:03  Roach  
  190  9:04  Roach  
  190  9:08  Roach x2  
  184  9:12  Roach x2  
  184  9:15  Roach x2  
  170  9:25  Unknown x3  
Tags
 
Add a new tag
Caveats
  • Supply blocks, unpowered buildings, or Contaminate may cause inaccurate times.
  • Supply counts are checked every 10 seconds.